| TOP OF THE 1ST |
|
Augusta GreenJackets batting - Pitching for Hagerstown Suns : RHP Gary Simmons
|
|
Pitching: RHP Gary Simmons
|
|
|
Batting: RHB Yutaka Oki
|
0-0: Called Strike 0-1: Foul Ball, location: 2F 0-2: Strikes out swinging
|
|
Batting: RHB Bill Defazio
|
0-0: Called Strike 0-1: Foul Ball, location: 2F 0-2: Fly out, F8 (Flyball, 8RXD, EV 108.1 MPH)
|
|
Batting: RHB Adam Solesbee
|
0-0: Called Strike 0-1: SOLO HOME RUN (Flyball, 9LD, EV 95.6 MPH), Distance : 330 ft
|
|
Batting: LHB Fred Arends
|
0-0: Called Strike 0-1: Foul Ball, location: 2F 0-2: Strikes out looking
|
| Top of the 1st over - 1 run, 1 hit, 0 errors, 0 left on base; Augusta 1 - Hagerstown 0 |
| BOTTOM OF THE 1ST |
|
Hagerstown Suns batting - Pitching for Augusta GreenJackets : LHP Matt Bagnall
|
|
Pitching: LHP Matt Bagnall
|
|
|
Batting: SHB Dan Castaneda
|
0-0: Ball 1-0: SINGLE (Line Drive, 4D, EV 103.8 MPH)
|
|
Batting: LHB Nate Melendez
|
0-0: Ball 1-0: Called Strike 1-1: Ball 2-1: Called Strike 2-2: Ball 3-2: Strikes out swinging Dan Castaneda steals 2nd base Batter strikes out.
|
|
Batting: RHB Kevin Whitenack
|
0-0: Ball 1-0: Ball 2-0: Foul Ball, location: 2F 2-1: Fly out, F8 (Flyball, 8LXD, EV 104.4 MPH)
|
|
Batting: RHB Deshawn Boseman
|
0-0: Foul Ball, location: 2F 0-1: SINGLE (Groundball, 34D, EV 101.2 MPH) Dan Castaneda to third Runner from 3rd tries for Home, SAFE, throw by RF to home
|
|
Batting: RHB Slavik Nebrodov
|
0-0: Ball 1-0: Ball 2-0: Foul Ball, location: 2F 2-1: Ball 3-1: Called Strike 3-2: Base on Balls Deshawn Boseman to second
|
|
Batting: RHB Jim Towle
|
0-0: Called Strike 0-1: Foul Ball, location: 2F 0-2: Ball 1-2: SINGLE (Groundball, 56D, EV 104.4 MPH) Deshawn Boseman to third Slavik Nebrodov to second
|
|
Batting: RHB Naofumi Ishida
|
0-0: Fly out, F7 (Flyball, 7LSF, EV 94.4 MPH)
|
| Bottom of the 1st over - 1 run, 3 hits, 0 errors, 3 left on base; Augusta 1 - Hagerstown 1 |
| TOP OF THE 2ND |
|
Augusta GreenJackets batting - Pitching for Hagerstown Suns : RHP Gary Simmons
|
|
Batting: RHB Dave Crouch
|
0-0: Ball 1-0: Ground out 6-3 (Groundball, 6, EV 90.6 MPH)
|
|
Batting: RHB Drew Duncan
|
0-0: Fly out, F7 (Flyball, 78M, EV 96.2 MPH)
|
|
Batting: RHB Devin Lowery
|
0-0: Swinging Strike 0-1: Ball 1-1: Ball 2-1: Ball 3-1: Called Strike 3-2: Base on Balls
|
|
Batting: RHB Mike Jones
|
0-0: Called Strike 0-1: Foul Ball, location: 2F 0-2: Strikes out looking
|
| Top of the 2nd over - 0 runs, 0 hits, 0 errors, 1 left on base; Augusta 1 - Hagerstown 1 |
| BOTTOM OF THE 2ND |
|
Hagerstown Suns batting - Pitching for Augusta GreenJackets : LHP Matt Bagnall
|
|
Batting: RHB Victor Cintron
|
0-0: Ball 1-0: Called Strike 1-1: Ball 2-1: Ball 3-1: Foul Ball, location: 2F 3-2: Foul Ball, location: 2F 3-2: Strikes out looking
|
|
Batting: RHB Travis Stanley
|
0-0: Ball 1-0: Ground out 1-3 (Groundball, 13, EV 72.5 MPH)
|
|
Batting: SHB Dan Castaneda
|
0-0: Ball 1-0: Ball 2-0: Ball 3-0: Called Strike 3-1: Base on Balls
|
|
Batting: LHB Nate Melendez
|
0-0: Called Strike 0-1: Swinging Strike Balk! Dan Castaneda to second 0-2: 2-RUN HOME RUN (Flyball, 9D, EV 97.5 MPH), Distance : 374 ft
|
|
Batting: RHB Kevin Whitenack
|
0-0: Ball 1-0: Foul Ball, location: 2F 1-1: Foul Ball, location: 2F 1-2: SINGLE (Line Drive, 5D, EV 97.5 MPH)
|
|
Batting: RHB Deshawn Boseman
|
0-0: Called Strike 0-1: Ball 1-1: Ball 2-1: Swinging Strike 2-2: Fly out, F3 (Popup, 3SF, EV 83.1 MPH)
|
| Bottom of the 2nd over - 2 runs, 2 hits, 0 errors, 1 left on base; Augusta 1 - Hagerstown 3 |
| TOP OF THE 3RD |
|
Augusta GreenJackets batting - Pitching for Hagerstown Suns : RHP Gary Simmons
|
|
Batting: RHB Willie Sanchez
|
0-0: Ground out U3 (Groundball, 13, EV 86.9 MPH)
|
|
Batting: RHB Yutaka Oki
|
0-0: Ball 1-0: Swinging Strike 1-1: Ball 2-1: Fly out, F3 (Popup, 3SF, EV 68.1 MPH)
|
|
Batting: RHB Bill Defazio
|
0-0: Ball 1-0: SINGLE (Groundball, 4M, EV 85.6 MPH) (infield hit)
|
|
Batting: RHB Adam Solesbee
|
0-0: Ball 1-0: Ball 2-0: Ball 3-0: Ground out 4-3 (Groundball, 4S, EV 64.4 MPH)
|
| Top of the 3rd over - 0 runs, 1 hit, 0 errors, 1 left on base; Augusta 1 - Hagerstown 3 |
| BOTTOM OF THE 3RD |
|
Hagerstown Suns batting - Pitching for Augusta GreenJackets : LHP Matt Bagnall
|
|
Batting: RHB Slavik Nebrodov
|
0-0: Foul Ball, location: 2F 0-1: Swinging Strike 0-2: Strikes out looking
|
|
Batting: RHB Jim Towle
|
0-0: Ball 1-0: Fly out, F9 (Flyball, 9D, EV 83.8 MPH)
|
|
Batting: RHB Naofumi Ishida
|
0-0: Ground out 4-3 (Groundball, 34, EV 106.9 MPH)
|
| Bottom of the 3rd over - 0 runs, 0 hits, 0 errors, 0 left on base; Augusta 1 - Hagerstown 3 |
| TOP OF THE 4TH |
|
Augusta GreenJackets batting - Pitching for Hagerstown Suns : RHP Gary Simmons
|
|
Batting: LHB Fred Arends
|
0-0: Ball 1-0: Ball 2-0: Ball 3-0: Called Strike 3-1: Base on Balls
|
|
Batting: RHB Dave Crouch
|
0-0: Ball 1-0: Foul Ball, location: 2F 1-1: Called Strike 1-2: Fly out, F8 (Flyball, 8RM, EV 86.9 MPH)
|
|
Batting: RHB Drew Duncan
|
0-0: Foul Ball, location: 2F 0-1: Ball 1-1: Fly out, F8 (Line Drive, 8LM, EV 93.8 MPH)
|
|
Batting: RHB Devin Lowery
|
0-0: Swinging Strike 0-1: Fly out, F9 (Flyball, 9S, EV 90.0 MPH)
|
| Top of the 4th over - 0 runs, 0 hits, 0 errors, 1 left on base; Augusta 1 - Hagerstown 3 |
| BOTTOM OF THE 4TH |
|
Hagerstown Suns batting - Pitching for Augusta GreenJackets : LHP Matt Bagnall
|
|
Batting: RHB Victor Cintron
|
0-0: Called Strike 0-1: Ball 1-1: Ball 2-1: Ball 3-1: Foul Ball, location: 2F 3-2: Foul Ball, location: 2F 3-2: Base on Balls
|
|
Batting: RHB Travis Stanley
|
0-0: Ball 1-0: Called Strike 1-1: Called Strike 1-2: Ball 2-2: Ground out 6-3 (Groundball, 6MS, EV 70.6 MPH) Victor Cintron to second
|
|
Batting: SHB Dan Castaneda
|
0-0: Called Strike 0-1: Foul Ball, location: 2F 0-2: Foul Ball, location: 2F 0-2: Foul Ball, location: 2F 0-2: Ball 1-2: Foul Ball, location: 2F 1-2: Strikes out looking
|
|
Batting: LHB Nate Melendez
|
0-0: Ball 1-0: Called Strike 1-1: Ground out 4-3 (Groundball, 34D, EV 101.9 MPH)
|
| Bottom of the 4th over - 0 runs, 0 hits, 0 errors, 1 left on base; Augusta 1 - Hagerstown 3 |
| TOP OF THE 5TH |
|
Augusta GreenJackets batting - Pitching for Hagerstown Suns : RHP Gary Simmons
|
|
Batting: RHB Mike Jones
|
0-0: Called Strike 0-1: Foul Ball, location: 2F 0-2: Ball 1-2: Ball 2-2: Strikes out swinging
|
|
Batting: RHB Willie Sanchez
|
0-0: SINGLE (Flyball, 89S, EV 85.6 MPH)
|
|
Batting: RHB Yutaka Oki
|
0-0: Called Strike Willie Sanchez steals 2nd base 0-1: Ball 1-1: SINGLE (Flyball, 5D, EV 91.2 MPH) Willie Sanchez to third
|
|
Batting: RHB Bill Defazio
|
0-0: Foul Ball, location: 2F 0-1: Called Strike 0-2: Strikes out swinging
|
|
Batting: RHB Adam Solesbee
|
0-0: SINGLE (Line Drive, 5D, EV 99.4 MPH) Willie Sanchez scores Yutaka Oki to second
|
|
Batting: LHB Fred Arends
|
0-0: Ball 1-0: Foul Ball, location: 2F 1-1: Fielders Choice at 2nd, 6-4 (Groundball, 6, EV 80.0 MPH)
|
| Top of the 5th over - 1 run, 3 hits, 0 errors, 2 left on base; Augusta 2 - Hagerstown 3 |
| BOTTOM OF THE 5TH |
|
Hagerstown Suns batting - Pitching for Augusta GreenJackets : LHP Matt Bagnall
|
|
Batting: RHB Kevin Whitenack
|
0-0: Swinging Strike 0-1: Called Strike 0-2: Foul Ball, location: 2F 0-2: Ball 1-2: Strikes out swinging
|
|
Batting: RHB Deshawn Boseman
|
0-0: Ball 1-0: Called Strike 1-1: Ball 2-1: Fly out, F6 (Flyball, 56D, EV 87.5 MPH)
|
|
Batting: RHB Slavik Nebrodov
|
0-0: Called Strike 0-1: Ball 1-1: Called Strike 1-2: Foul Ball, location: 2F 1-2: Strikes out swinging
|
| Bottom of the 5th over - 0 runs, 0 hits, 0 errors, 0 left on base; Augusta 2 - Hagerstown 3 |
| TOP OF THE 6TH |
|
Augusta GreenJackets batting - Pitching for Hagerstown Suns : RHP Gary Simmons
|
|
Batting: RHB Dave Crouch
|
0-0: Ball 1-0: Ball 2-0: Ball 3-0: Called Strike 3-1: Ground out 6-3 (Groundball, 6S, EV 93.8 MPH)
|
|
Batting: RHB Drew Duncan
|
0-0: Ball 1-0: Ball 2-0: Ball 3-0: Base on Balls
|
|
Batting: RHB Devin Lowery
|
0-0: Ball 1-0: Ball 2-0: Ball 3-0: Base on Balls Drew Duncan to second
|
|
Batting: RHB Mike Jones
|
0-0: Ball 1-0: Ball 2-0: Grounds into double play, 6-4-3 (Groundball, 6, EV 88.1 MPH)
|
| Top of the 6th over - 0 runs, 0 hits, 0 errors, 1 left on base; Augusta 2 - Hagerstown 3 |
| BOTTOM OF THE 6TH |
|
Hagerstown Suns batting - Pitching for Augusta GreenJackets : LHP Matt Bagnall
|
|
Batting: RHB Jim Towle
|
0-0: Fly out, F8 (Flyball, 8RD, EV 86.2 MPH)
|
|
Batting: RHB Naofumi Ishida
|
0-0: Ball 1-0: Swinging Strike 1-1: Fly out, F9 (Flyball, 9, EV 90.6 MPH)
|
|
Pitching: RHP Brian Yinger
|
|
|
Batting: RHB Victor Cintron
|
0-0: Ball 1-0: Called Strike 1-1: Fly out, F7 (Flyball, 7D, EV 83.8 MPH)
|
| Bottom of the 6th over - 0 runs, 0 hits, 0 errors, 0 left on base; Augusta 2 - Hagerstown 3 |
| TOP OF THE 7TH |
|
Augusta GreenJackets batting - Pitching for Hagerstown Suns : RHP Gary Simmons
|
|
Batting: RHB Willie Sanchez
|
0-0: Ball 1-0: Ball 2-0: Called Strike 2-1: Called Strike 2-2: DOUBLE (Flyball, 8LD, EV 90.6 MPH)
|
|
Pitching: RHP Chris Doty
|
|
|
Batting: RHB Yutaka Oki
|
0-0: Called Strike 0-1: Foul Ball, location: 2F 0-2: Foul Ball, location: 2F 0-2: Strikes out swinging
|
|
Batting: RHB Bill Defazio
|
0-0: Ground out 4-3 (Groundball, 4, EV 90.0 MPH) Willie Sanchez to third
|
|
Batting: RHB Adam Solesbee
|
0-0: Ball 1-0: Ball 2-0: Ball 3-0: Called Strike 3-1: Swinging Strike 3-2: Strikes out swinging
|
| Top of the 7th over - 0 runs, 1 hit, 0 errors, 1 left on base; Augusta 2 - Hagerstown 3 |
| BOTTOM OF THE 7TH |
|
Hagerstown Suns batting - Pitching for Augusta GreenJackets : RHP Brian Yinger
|
|
Batting: RHB Travis Stanley
|
0-0: Foul Ball, location: 2F 0-1: Swinging Strike 0-2: Ball 1-2: Ball 2-2: Ball 3-2: Strikes out swinging
|
|
Batting: SHB Dan Castaneda
|
0-0: Ball 1-0: SINGLE (Groundball, 6MD, EV 107.5 MPH) (infield hit)
|
|
Batting: LHB Nate Melendez
|
0-0: Foul Ball, location: 2F 0-1: Called Strike Dan Castaneda steals 2nd, throwing error, E2 Dan Castaneda to third 0-2: SINGLE (Groundball, 4MD, EV 105.0 MPH) Dan Castaneda scores
|
|
Batting: RHB Kevin Whitenack
|
0-0: Called Strike Nate Melendez steals 2nd base 0-1: Foul Ball, location: 2F 0-2: Strikes out swinging
|
|
Batting: RHB Deshawn Boseman
|
0-0: Ball 1-0: Ball 2-0: Swinging Strike 2-1: Swinging Strike 2-2: Foul Ball, location: 2F 2-2: Strikes out swinging
|
| Bottom of the 7th over - 1 run, 2 hits, 1 error, 1 left on base; Augusta 2 - Hagerstown 4 |
| TOP OF THE 8TH |
|
Augusta GreenJackets batting - Pitching for Hagerstown Suns : RHP Chris Doty
|
|
Batting: LHB Fred Arends
|
0-0: DOUBLE (Line Drive, 9LS, EV 104.4 MPH)
|
|
Batting: RHB Dave Crouch
|
0-0: Ball 1-0: Ground out 6-3 (Groundball, 6, EV 83.1 MPH) Fred Arends to third
|
|
Batting: RHB Drew Duncan
|
0-0: Ball 1-0: Ground out 6-3 (Groundball, 56, EV 100.0 MPH) Fred Arends scores
|
|
Batting: RHB Devin Lowery
|
0-0: Swinging Strike 0-1: Ball 1-1: Called Strike 1-2: Foul Ball, location: 2F 1-2: Strikes out swinging
|
| Top of the 8th over - 1 run, 1 hit, 0 errors, 0 left on base; Augusta 3 - Hagerstown 4 |
| BOTTOM OF THE 8TH |
|
Hagerstown Suns batting - Pitching for Augusta GreenJackets : RHP Brian Yinger
|
|
Pitching: RHP Filip Nebylitsin
|
|
|
Batting: RHB Slavik Nebrodov
|
0-0: Fly out, F7 (Flyball, 78M, EV 91.9 MPH)
|
|
Batting: RHB Jim Towle
|
0-0: Called Strike 0-1: Ball 1-1: SINGLE (Groundball, 34D, EV 106.9 MPH)
|
|
Batting: RHB Naofumi Ishida
|
0-0: Fielders Choice at 2nd, 5-4 (Groundball, 15, EV 86.9 MPH)
|
|
Batting: RHB Victor Cintron
|
0-0: Ball 1-0: Swinging Strike 1-1: Ground out 1-3 (Groundball, P, EV 75.0 MPH)
|
| Bottom of the 8th over - 0 runs, 1 hit, 0 errors, 1 left on base; Augusta 3 - Hagerstown 4 |
| TOP OF THE 9TH |
|
Augusta GreenJackets batting - Pitching for Hagerstown Suns : RHP Chris Doty
|
|
Pitching: RHP Gareth Cutts
|
|
|
Batting: RHB Mike Jones
|
0-0: Called Strike 0-1: Called Strike 0-2: Strikes out swinging
|
|
Pinch Hitting: LHB John Whitman
|
0-0: Foul Ball, location: 2F 0-1: Called Strike 0-2: Foul Ball, location: 2F 0-2: Foul Ball, location: 2F 0-2: Ball 1-2: Ball 2-2: SINGLE (Groundball, 4MD, EV 98.8 MPH)
|
|
Batting: RHB Yutaka Oki
|
0-0: Ball 1-0: Called Strike 1-1: Swinging Strike 1-2: Strikes out swinging
|
|
Batting: RHB Bill Defazio
|
0-0: Ball 1-0: Ball 2-0: Ball 3-0: Called Strike 3-1: Base on Balls John Whitman to second
|
|
Batting: RHB Adam Solesbee
|
0-0: Ball 1-0: Called Strike 1-1: Ball 2-1: Ball 3-1: Called Strike 3-2: DOUBLE (Groundball, 5L, EV 100.6 MPH) John Whitman scores Bill Defazio to third Bill Defazio scores
|
|
Batting: LHB Fred Arends
|
0-0: Called Strike 0-1: Foul Ball, location: 2F 0-2: Ball 1-2: Ball 2-2: Foul Ball, location: 2F 2-2: Foul Ball, location: 2F 2-2: Strikes out swinging
|
| Top of the 9th over - 2 runs, 2 hits, 0 errors, 1 left on base; Augusta 5 - Hagerstown 4 |
| BOTTOM OF THE 9TH |
|
Hagerstown Suns batting - Pitching for Augusta GreenJackets : RHP Filip Nebylitsin
|
|
Pitching: LHP Caleb Mullinax
|
|
|
Now at 3B: Dave Crouch
|
|
|
Now in RF: Jonathan Reece
|
|
|
Batting: RHB Travis Stanley
|
0-0: Ground out 6-3 (Groundball, 6MS, EV 69.4 MPH)
|
|
Batting: SHB Dan Castaneda
|
0-0: Swinging Strike 0-1: Ball 1-1: Ball 2-1: Foul Ball, location: 2F 2-2: Strikes out swinging
|
|
Batting: LHB Nate Melendez
|
0-0: Ball 1-0: Ball 2-0: Foul Ball, location: 2F 2-1: Ball 3-1: SINGLE (Line Drive, 78M, EV 86.9 MPH)
|
|
Batting: RHB Kevin Whitenack
|
0-0: Called Strike 0-1: Swinging Strike 0-2: Ball 1-2: Fielders Choice at 2nd, 6-4 (Groundball, 6, EV 89.4 MPH)
|
| Bottom of the 9th over - 0 runs, 1 hit, 0 errors, 1 left on base; Augusta 5 - Hagerstown 4 |
|